Kradschützen Motorcycle Team
Selects Italian Combined Arms Battlegroup
Selects Bersaglieri Squad
Construct Light Support Kompanie
Selects Bersaglieri Bolster
Construct Mechanized Kompanie
Selects Breda Model 30 Light Machine Guns
Marder III Tank Destroyer
Construct Panzerarmee Kommand
Selects Semovente da 75/18 Assault Gun
Flak 36 Anti-tank Gun Team
Walking Stuka Rocket Launcher
Marder III Tank Destroyer